 Dungeon Crawl Stone Soup version 0.14-a0-1739-g6c2808e (webtiles) character file.

524 Piginabag the Bolt Thrower (level 7, -5/43 HPs)
             Began as a Formicid Hunter on Jan 4, 2014.
             Slain by a gnoll
             ... wielding a +0,+0 flail
              (9 damage)
             ... on Level 4 of the Dungeon.
             The game lasted 00:09:55 (3405 turns).

Piginabag the Bolt Thrower (Formicid Hunter)        Turns: 3405, Time: 00:10:01

HP  -5/43        AC  8     Str 24      XL: 7   Next: 29%
MP   7/7         EV 10     Int 10      God:
Gold 134         SH  0     Dex 11      Spells:  0 memorised,  6 levels left

rFire  . . .     SeeInvis +     b - +1 crossbow
rCold  . . .     Clarity  .     h - +0 ring mail
rNeg   . . .     Conserve .     (no shield)
rPois  .         rCorr    .     (helmet unavailable)
rElec  .         rRot     .     (no cloak)
SustAb . .       Spirit   .     m - +0 pair of gloves
rMut   .         Warding  .     r - +0 pair of orc boots
Saprov . . .     Stasis   +     (no amulet)
                                (no ring)
                                w - ring of poison resistance

@: mighty, slightly resistant to hostile enchantments, very unstealthy
A: permanent stasis, dig shafts and tunnels, four strong arms, poison weakness,
antennae 3, exoskeleton 1
a: Dig, Shaft Self


You were on level 4 of the Dungeon.
You were not hungry.

You visited 1 branch of the dungeon, and saw 4 of its levels.

You collected 134 gold pieces.

Inventory:

Hand weapons
 b - a +1,+1 crossbow (weapon)
 o - a +0,+0 mace
Missiles
 c - 44 bolts (quivered)
Armour
 h - a +0 ring mail (worn)
 m - a +0 pair of gloves (worn)
 r - a +0 pair of orcish boots (worn)
Magical devices
 j - a wand of random effects (15) {unknown}
 l - a wand of frost (15) {unknown}
 n - a wand of slowing (8) {unknown}
Comestibles
 f - 4 bread rations
 v - an apple
Scrolls
 e - a scroll of blinking {unknown}
 g - a scroll of enchant armour {unknown}
 k - 3 scrolls of teleportation {unknown}
 p - a scroll of immolation {unknown}
 u - a scroll of fear {unknown}
Jewellery
 w - a ring of poison resistance (left hand)
Potions
 a - a potion of might
 i - a potion of restore abilities {unknown}
 q - a potion of magic
 x - a potion of heal wounds {unknown}


   Skills:
 + Level 1.4 Fighting
 + Level 0.4 Maces & Flails
 + Level 6.8 Crossbows
 + Level 2.6 Armour
 + Level 2.9 Dodging
 + Level 1.5 Stealth


You had 6 spell levels left.
You didn't know any spells.

Dungeon Overview and Level Annotations

Branches:
Dungeon (4/16)
 Temple: D:4-7

Altars:
Fedhas
Vehumet


Innate Abilities, Weirdness & Mutations

Your are under a permanent stasis effect.
You can dig through walls and to a lower floor.
Your four strong arms can wield any weapon, most with a shield.
You are susceptible to poison.
You have a pair of large antennae on your head (SInv).
Your body is surrounded by an exoskeleton. (HP +5, AC +1)


Message History

The gnoll is severely wounded.
The iguana barely misses you. The gnoll hits you but does no damage.
The iguana bites you. The gnoll barely misses you.
Firing (i - inventory):
c - 45 bolts (quivered)
Press: ? - help, Shift-Dir - straight line, f/p - gnoll
Aim: a gnoll, wielding a halberd (severely wounded)
You shoot a bolt. The bolt misses the giant mite.
The bolt misses the gnoll.
The gnoll hits you but does no damage.
The giant mite bites you but does no damage.
The gnoll hits you with a flail! The iguana bites you!
* * * LOW HITPOINT WARNING * * *
The gnoll hits you but does no damage.
Drink which item? (? for menu, Esc to quit)
You feel very mighty all of a sudden.
It was a potion of might.
The giant mite bites you.
* * * LOW HITPOINT WARNING * * *
The gnoll hits you with a club.
* * * LOW HITPOINT WARNING * * *
The iguana barely misses you. The gnoll hits you with a flail!
You die...

.(. ......... ...........
............. ...............
................
.........g(......#
..........sg......#
..........@l......#
...........g......#
...................#
...................#
#................[..#
#...................#########
#...............%......##....
#.......)....................
#.....)......................


You could see an iguana, 3 gnolls and a giant mite.

Vanquished Creatures
  A phantom (D:4)
  2 orc priests (D:4)
  An orc wizard (D:4)
  2 iguanas
  Terence (D:2)
  4 adders
  2 worms
  An iguana skeleton (D:4)
  9 orcs
  5 giant cockroaches
  10 goblins
  15 hobgoblins
  4 quokkas
  7 bats
  2 giant geckos
  4 giant newts
  16 kobolds
  10 rats
  A rat skeleton (D:4)
97 creatures vanquished.

Notes
Turn   | Place    | Note
--------------------------------------------------------------
     0 | D:1      | Piginabag, the Formicid Hunter, began the quest for the Orb.
     0 | D:1      | Reached XP level 1. HP: 17/17 MP: 1/1
    86 | D:1      | Reached XP level 2. HP: 21/21 MP: 2/2
   583 | D:1      | Reached XP level 3. HP: 25/25 MP: 3/3
  1283 | D:2      | Reached skill level 5 in Crossbows
  1283 | D:2      | Reached XP level 4. HP: 30/30 MP: 4/4
  1296 | D:2      | Noticed Terence
  1304 | D:2      | Killed Terence
  1415 | D:2      | Reached XP level 5. HP: 34/34 MP: 5/5
  1944 | D:3      | Reached skill level 1 in Armour
  2460 | D:3      | Found a blossoming altar of Fedhas.
  2648 | D:3      | Found a radiant altar of Vehumet.
  2779 | D:3      | Reached XP level 6. HP: 39/39 MP: 6/6
  2927 | D:4      | Noticed a phantom
  2940 | D:4      | Killed a phantom
  2940 | D:4      | Reached skill level 6 in Crossbows
  2980 | D:4      | Reached XP level 7. HP: 12/43 MP: 7/7
  3405 | D:4      | Slain by a gnoll

Action                   |  1- 3 |  4- 6 |  7- 9 || total
-------------------------+-------+-------+-------++-------
Melee: Mace              |       |    57 |       ||    57
 Fire: Crossbow          |    57 |    88 |    40 ||   185
 Abil: Dig               |       |     1 |       ||     1
  Use: Scroll            |       |     4 |       ||     4
       Potion            |       |     1 |     1 ||     2
